 Dungeon Crawl Stone Soup version 0.29.1-2-gbd0b4ee654 (webtiles) character file.

Game seed: 9124509902784929649

151 Raikaria the Shooter (level 5, -1/42 HPs)
             Began as a Formicid Hunter on Nov 23, 2022.
             Slain by a gnoll
             ... wielding a +0 club
              (8 damage)
             ... on level 3 of the Dungeon.
             The game lasted 00:05:27 (1930 turns).

Raikaria the Shooter (Formicid Hunter)              Turns: 1930, Time: 00:05:28

Health: -1/42      AC:  3    Str: 15    XL:     5   Next: 59%
Magic:  5/5        EV: 13    Int:  9    God:
Gold:   89         SH:  0    Dex: 19    Spells: 4/4 levels left

rFire   . . .      SeeInvis +   a - +0 shortbow
rCold   . . .      Faith    .   (no shield)
rNeg    . . .      Spirit   .   c - +0 leather armour
rPois   .          Reflect  .   (helmet unavailable)
rElec   .          Harm     .   (no cloak)
rCorr   .          Rampage  .   (no gloves)
Will    +....                   (no boots)
Stlth   ++........              (no amulet)
HPRegen 0.14/turn               e - ring of willpower
MPRegen 0.09/turn               (no ring)

@: no status effects
A: permanent stasis, dig shafts and tunnels, antennae 3, four strong arms
a: Dig, Shaft Self


You were on level 3 of the Dungeon.
You visited 1 branch of the dungeon, and saw 4 of its levels.

You collected 89 gold pieces.

Inventory:

Hand Weapons
 a - a +0 shortbow (weapon)
Armour
 c - a +0 leather armour (worn)
 i - a +0 ring mail
 l - the +7 Kryia's mail coat {PotionHeal*2 rC+}
   (You found it on level 3 of the Dungeon)

   Potions are twice as effective at healing its wearer.
   rC:        It protects you from cold.
Jewellery
 e - a ring of willpower (left hand)
Scrolls
 b - a scroll of immolation
 d - a scroll of silence {unknown}
 f - 2 scrolls of teleportation {unknown}
 h - a scroll of magic mapping {unknown}
 j - 4 scrolls of identify {unknown}
 k - a scroll of noise {unknown}
Potions
 g - a potion of attraction {unknown}


   Skills:
 + Level 3.8 Fighting
 + Level 4.9 Ranged Weapons
 + Level 3.1 Dodging
 - Level 1.2 Stealth


You had 4 spell levels left.
You didn't know any spells.
Your spell library contained the following spells:

 Spells                   Type           Power      Damage    Failure   Level
 Conjure Flame            Conj/Fire      0%         6-21      83%         3
 Ignite Poison            Fire/Tmut/Pois 0%         N/A       83%         3
 Sticky Flame             Conj/Fire      0%         2d3       99%         4


Dungeon Overview and Level Annotations

Branches:
Dungeon (4/15)
 Temple: D:4-7

Altars:

Shops:
D:1 *


Innate Abilities, Weirdness & Mutations

You cannot be hasted, slowed, berserked, paralysed or teleported.
You can dig through walls and to a lower floor.
You have a pair of large antennae on your head. (SInv)
Your four strong arms can wield two-handed weapons with a shield.


Message History

You shoot an arrow. The arrow misses the adder.
You feel sick. The adder bites you. The gnoll misses you.
The adder closely misses you.
Fire: a) +0 shortbow
Press: ? - help, Shift-Dir - straight line, f/p - adder
Aim: an adder (almost dead, 48% to hit)
You shoot an arrow. The arrow barely misses the adder.
You feel sick. The gnoll hits you with a +0 club. The adder closely misses you.
The gnoll completely misses you.
Fire: a) +0 shortbow
Press: ? - help, Shift-Dir - straight line, f/p - adder
Aim: an adder (almost dead, 48% to hit)
You shoot an arrow. The arrow hits the adder.
You kill the adder!
You feel sick.
You are no longer poisoned.
The gnoll hits you with a +0 club.
You are too injured to fight recklessly!
Non-targeted abil: Dig
Press: ? - help, Q - select action, (/) - cycle Dir - look around, f - activate Look: a gnoll, wielding a +0 club You extend your mandibles.
Fire: a) +0 shortbow
Press: ? - help, Shift-Dir - straight line, f/p - gnoll
Aim: a gnoll, wielding a +0 club (68% to hit)
You shoot an arrow. The arrow hits the gnoll.
The gnoll is lightly wounded.
The gnoll hits you with a +0 club.
* * * LOW HITPOINT WARNING * * *
Fire: a) +0 shortbow
Press: ? - help, Shift-Dir - straight line, f/p - gnoll
Aim: a gnoll, wielding a +0 club (lightly wounded, 68% to hit)
You shoot an arrow. The arrow completely misses the gnoll.
The gnoll hits you with a +0 club.
* * * LOW HITPOINT WARNING * * *
The gnoll hits you with a +0 club.
* * * LOW HITPOINT WARNING * * *
Are you sure you want to shaft yourself?
The gnoll hits you with a +0 club!
You die...

# #.. #.## .[# #..
..#
#.#.###.#####.#
#..#
.........<...#
#..# #.#.#.#####.#
#..# #....# #.#
#..# #..#.# #.#
#..#
#†##.#####.####..#
#@##......#......#
.#
#g########.####..#
.# #.# #........
.. ... #.#
#######.. .#
#....# #[# #.. .#
#.##.# #.# #.. .#
#.##.# #.#
########.. .#
#.##.## #.. {{
..........
.###.#...##
########..


You could see a gnoll.

Vanquished Creatures
  A hound (D:3)
  An orc priest (D:3)
  A gnoll (D:3)
  3 adders
  2 dart slugs
  2 orcs (D:3)
  2 endoplasms
  3 giant cockroaches
  6 goblins
  3 hobgoblins
  5 ball pythons (D:1)
  5 bats
  13 frilled lizards
  4 kobolds
  5 rats
56 creatures vanquished.

Notes
Turn   | Place    | Note
-------+----------+-------------------------------------------
     0 | D:1      | Raikaria the Formicid Hunter began the quest for the Orb.
     0 | D:1      | Reached XP level 1. HP: 16/16 MP: 1/1
    74 | D:1      | Reached XP level 2. HP: 23/23 MP: 2/2
   136 | D:1      | Found Agud's General Store.
   261 | D:1      | Found a faded altar of an unknown god.
   319 | D:1      | Reached XP level 3. HP: 28/28 MP: 3/3
  1129 | D:2      | Reached XP level 4. HP: 33/35 MP: 4/4
  1685 | D:3      | Reached XP level 5. HP: 39/41 MP: 5/5
  1857 | D:3      | Found the +7 Kryia's mail coat {PotionHeal*2 rC+}
  1930 | D:3      | Slain by a gnoll

Illustrated notes

Levels and vault maps discovered:
D:1:      amcnicky_arrival_blooded_trapdoor, layout_basic, serial_shops, shop,
          ebering_ecumenical_altar_sacrificial, minmay_distorted
D:2:      layout_basic, minmay_lizard_pond
D:3:      layout_loops_ring
D:4:      layout_loops_ring, nicolae_elyvilon_peaceful_grove,
          minmay_temple_entry_glassed_door, serial_shops, shop

Skill      XL: |  1  2  3  4  5 |
---------------+----------------+-----
Dodging        | 2 3 |  3.1
Fighting       | 3 |  3.8
Ranged Weapons | |  4.9
Stealth        | |  1.2

Action                   |  1- 3 |  4- 6 || total
-------------------------+-------+-------++-------
 Fire: Shortbow          |   107 |    50 ||   157
 Abil: Dig               |       |     3 ||     3
       Shaft Self        |       |     1 ||     1
Armor: Leather armour    |    10 |     3 ||    13
Dodge: Dodged            |    30 |    22 ||    52
